 Dungeon Crawl Stone Soup version 0.19-a0-1111-gcceb26a (webtiles) character file.

171 Elitist the Insei (level 5, -2/30 HPs)
             Began as a Deep Elf Transmuter on Aug 10, 2016.
             Slain by a gnoll
             ... wielding a +0 spear
              (3 damage)
             ... on level 3 of the Dungeon.
             The game lasted 00:08:57 (4207 turns).

Elitist the Insei (Deep Elf Transmuter)             Turns: 4207, Time: 00:08:59

Health: -2/30      AC:  4    Str:  8    XL:     5   Next: 26%
Magic:  6/12       EV: 12    Int: 18    God:
Gold:   186        SH:  0    Dex: 15    Spells: 4 memorised, 1 level left

rFire  + . .     SeeInvis .       - Unarmed
rCold  . . .     Gourm    .     t - +1 leather armour {rF+}
rNeg   . . .     Faith    .     (no shield)
rPois  .         Spirit   .     (helmet restricted)
rElec  .         Dismiss  .     (no cloak)
rCorr  +         Reflect  .     (no gloves)
SustAt .         Harm     .     (no boots)
MR     .....                    (no amulet)
Stlth  +.........               (no ring)
                                n - ring of resist corrosion

@: lethally poisoned (-2 -> -10), very slightly contaminated
A: hooves 1, horns 1, blurry vision 1
a: no special abilities


You were on level 3 of the Dungeon.
You were not hungry.

You visited 1 branch of the dungeon, and saw 3 of its levels.

You collected 186 gold pieces.

Inventory:

Missiles
 a - 44 arrows
 m - 2 tomahawks (quivered)
Armour
 t - a +1 leather armour of fire resistance (worn)
Jewellery
 n - a ring of resist corrosion (left hand)
Scrolls
 h - 2 scrolls of identify
Potions
 g - a potion of resistance
 l - 2 potions of heal wounds
 o - a potion of might
Books
 c - a book of Changes

   Spells                             Type                      Level
   a - Beastly Appendage              Transmutation                1
   b - Sticks to Snakes               Transmutation                2
   c - Spider Form                    Transmutation/Poison         3
   d - Ice Form                       Ice/Transmutation            4
   e - Blade Hands                    Transmutation                5
Comestibles
 d - a bread ration
 i - 2 royal jellies
 s - a meat ration


   Skills:
 + Level 2.0 Fighting
 - Level 2.4 Dodging
 * Level 3.6 Unarmed Combat
 - Level 3.5 Spellcasting
 + Level 3.2 Transmutations
 + Level 1.5 Poison Magic


You had one spell level left.
You knew the following spells:

 Your Spells              Type           Power        Failure   Level  Hunger
a - Beastly Appendage     Tmut           ##....       8%          1    None
b - Sticks to Snakes      Tmut           ##......     12%         2    ##.....
c - Spider Form           Tmut/Pois      ##........   28%         3    ###....
d - Ice Form              Ice/Tmut       #.......     96%         4    ####...


Dungeon Overview and Level Annotations

Branches:
Dungeon (3/15)

Altars:


Innate Abilities, Weirdness & Mutations

You have large cloven feet.
You have a pair of small horns on your head.
Scrolls take you a little longer to read.


Message History

You headbutt the gnoll.
The gnoll is moderately wounded.
The gnoll hits you with a spear.
* * * LOW HITPOINT WARNING * * *
You are too injured to fight recklessly!
Casting: Beastly Appendage
Confirm with . or Enter, or press ? or * to list all spells.
You miscast Spider Form.
You are very lightly contaminated with residual magic.
Waves of light ripple over your body. The gnoll hits you with a spear.
* * * LOW HITPOINT WARNING * * *
Unknown command.
Casting: Spider Form
Confirm with . or Enter, or press ? or * to list all spells.
You miscast Spider Form.
You are lethally poisoned!
You feel sick.
* * * LOW HITPOINT WARNING * * *
You feel sick. The gnoll hits you with a spear.
You die...

,* *,* *,* *,* ,*
*,* #.# *,* .# *,*
#.# *,* .* *,*
###***#.#**,* .*
*,* #..,,,...,,,*
#* *,*
#.#***#.#**** #
*,* #.# #g# # *,*
#.# #g#
####.#####.#####@#
...#.............#
##.#######.#######
##.# #.#
##.#######.#
##.........#
##..######## ##..#
....#


You could see 2 gnolls.

Vanquished Creatures
  A gnoll (D:3)
  4 adders
  An ooze (D:1)
  4 worms
  3 dart slugs (D:1)
  4 giant geckos
  8 orcs (D:3)
  A ball python (D:2)
  4 bats
  3 giant cockroaches
  4 hobgoblins
  3 jackals (D:2)
  4 kobolds
  A quokka (D:2)
  2 giant newts (D:1)
  8 goblins
  7 rats
62 creatures vanquished.

Vanquished Creatures (collateral kills)
  An orc wizard (D:3)
  An adder (D:2)
  A worm (D:2)
  A bat (D:3)
4 creatures vanquished.

Grand Total: 66 creatures vanquished

Notes
Turn   | Place    | Note
-------+----------+-------------------------------------------
     0 | D:1      | Elitist the Deep Elf Transmuter began the quest for the Orb.
     0 | D:1      | Reached XP level 1. HP: 11/11 MP: 6/6
   218 | D:1      | Reached skill level 1 in Fighting
   474 | D:1      | Reached XP level 2. HP: 12/16 MP: 8/8
   724 | D:1      | Learned a level 2 spell: Sticks to Snakes
  1237 | D:1      | Reached XP level 3. HP: 12/20 MP: 10/10
  1564 | D:1      | Learned a level 3 spell: Spider Form
  2116 | D:2      | Reached XP level 4. HP: 25/25 MP: 11/11
  2976 | D:2      | Learned a level 4 spell: Ice Form
  3141 | D:3      | HP: 1/39 [orc wizard/dagger (2)]
  3147 | D:3      | Reached skill level 1 in Poison Magic
  3595 | D:3      | Reached XP level 5. HP: 30/30 MP: 9/12
  4054 | D:3      | Gained mutation: You have a pair of small horns on your head. [potion of mutation]
  4054 | D:3      | Gained mutation: You have large cloven feet. [potion of mutation]
  4054 | D:3      | Gained mutation: Scrolls take you a little longer to read. [potion of mutation]
  4207 | D:3      | HP: 1/30 [poisoned by miscasting Spider Form (residual poison)]
  4207 | D:3      | Slain by a gnoll

Vault maps used:
D:1:      eino_arrival_water_cross, st_stairs_14
D:3:      wad_river_or_something

Skill      XL: |  1  2  3  4  5 |
---------------+----------------+-----
Fighting       | 1 2 |  2.0
Unarmed Combat | 3 |  3.6
Transmutations | 3 |  3.2
Poison Magic   | 1 |  1.5
Dodging        | |  2.4
Spellcasting   | |  3.5

Action                   |  1- 3 |  4- 6 || total
-------------------------+-------+-------++-------
Melee: Unarmed           |   112 |   139 ||   251
       Kick              |    13 |    14 ||    27
       Headbutt          |     5 |    13 ||    18
       Punch             |       |     1 ||     1
 Cast: Beastly Appendage |    22 |    14 ||    36
       Sticks to Snakes  |     3 |     7 ||    10
       Spider Form       |       |     1 ||     1
  Use: Potion            |       |     2 ||     2
       Scroll            |       |     8 ||     8
 Stab: Sleeping          |     1 |       ||     1
       Distracted        |       |     1 ||     1
  Eat: Chunk             |     4 |     7 ||    11
Armor: Robe              |    13 |    18 ||    31
       Skin              |       |    13 ||    13
       Leather armour    |       |     2 ||     2
Dodge: Dodged            |    78 |    98 ||   176
